 Dungeon Crawl Stone Soup version 0.28-a0-1374-ga75cb3825e (webtiles) character file.

Game seed: 9900360792839471995

63254 Zdeegee the Frost Mage (level 14, -8/116 HPs)
             Began as a Grey Draconian Ice Elementalist on Dec 30, 2021.
             Was a Priest of Vehumet.
             Mangled by a boulder beetle (46 damage)
             ... on level 12 of the Dungeon on Dec 31, 2021.
             The game lasted 01:28:40 (33356 turns).

Zdeegee the Frost Mage (DrIE)                      Turns: 33356, Time: 01:28:42

Health: -8/116     AC: 15    Str: 12    XL:     14   Next: 67%
Magic:  29/48      EV: 15    Int: 26    God:    Vehumet [***...]
Gold:   1921       SH:  0    Dex: 12    Spells: 2/38 levels left

rFire   . . .      SeeInvis .   b - +2 mace (vorpal)
rCold   . . .      Faith    .   (no shield)
rNeg    . . .      Spirit   .   (armour unavailable)
rPois   .          Reflect  .   (helmet restricted)
rElec   .          Harm     .   (no cloak)
rCorr   .          Rampage  .   y - +0 pair of gloves
Will    +....                   F - +0 pair of boots
Stlth   ++........              O - amulet of magic regeneration
HPRegen 0.29/turn               z - ring of magical power
MPRegen 0.71/turn               I - ring "Midd" {MP+9 Int+7}

@: slowed, very slow
A: AC +13, amphibious, unfitting armour, cold-blooded
a: Renounce Religion


You were on level 12 of the Dungeon.
You worshipped Vehumet.
Vehumet was most pleased with you.
You visited 4 branches of the dungeon, and saw 21 of its levels.
You visited the Abyss 1 time.
You also visited: Bailey and Volcano.

You collected 3171 gold pieces.
You spent 1250 gold pieces at shops.

Inventory:

Hand Weapons
 a - a +1 dagger of venom
 b - a +2 vorpal mace (weapon)
 c - a +0 dagger
 P - the +7 hand axe of Dominance {speed, Will+ Str+4}
   (You bought it in a shop on level 2 of the Orcish Mines)

   Attacks with this weapon are significantly faster.
   Str:       It affects your strength (+4).
   Will:      It increases your willpower.
Missiles
 d - 459 stones
 t - 37 boomerangs
 E - 5 curare-tipped darts
Armour
 y - a +0 pair of gloves (worn)
 F - a +0 pair of boots (worn)
 M - a +1 buckler of positive energy
Jewellery
 v - a ring of flight
 z - a ring of magical power (left hand)
 I - the ring "Midd" (right hand) {MP+9 Int+7}
   (You acquired it on level 6 of the Lair of Beasts)

   [ring of magical power]

   Int:       It affects your intelligence (+7).
   MP:        It affects your magic capacity (+9).
 O - an amulet of magic regeneration (around neck)
Wands
 h - a wand of flame (21)
 l - a wand of polymorph (17)
 r - a wand of charming (6)
 D - a wand of acid (9)
 G - a wand of iceblast (8)
 K - a wand of paralysis (3)
Scrolls
 f - 7 scrolls of teleportation
 g - 4 scrolls of fear
 k - 3 scrolls of fog
 n - a scroll of summoning
 p - 8 scrolls of enchant armour
 q - a scroll of magic mapping
 x - 2 scrolls of enchant weapon
 A - a scroll of amnesia
 J - a scroll of blinking {unknown}
 N - 3 scrolls of noise {unknown}
Potions
 e - a potion of magic
 i - 6 potions of brilliance
 j - 5 potions of flight
 m - 6 potions of haste
 o - a potion of attraction
 s - 3 potions of lignification
 u - a potion of might {unknown}
 w - 4 potions of berserk rage
 B - 5 potions of curing
 C - 4 potions of mutation
 H - 3 potions of heal wounds
Miscellaneous
 L - a condenser vane


   Skills:
 * Level 8.5 Fighting
 + Level 3.2 Short Blades
 + Level 2.6 Maces & Flails
 * Level 8.7 Dodging
 + Level 3.5 Stealth
 * Level 2.1 Shields
 * Level 12.7 Spellcasting
 * Level 8.2 Conjurations
 + Level 1.0 Hexes
 * Level 13.2 Ice Magic
 + Level 1.2 Air Magic
 * Level 9.2 Earth Magic
 * Level 6.9 Evocations


You had 2 spell levels left.
You knew the following spells:

 Your Spells              Type           Power      Damage    Failure   Level
a - Freeze                Ice            100%       1d11      0%          1
b - Frozen Ramparts       Ice            100%       1d12      1%          3
c - Ensorcelled Hibernat  Hex/Ice        100%       N/A       1%          2
d - Ozocubu's Armour      Ice            71%        N/A       1%          3
e - Hailstorm             Conj/Ice       64%        3d14      1%          4
f - Freezing Cloud        Conj/Ice/Air   27%        6-21      1%          5
g - Metabolic Englaciati  Hex/Ice        26%        N/A       5%          5
h - Airstrike             Air            11%        N/A       5%          4
i - Lee's Rapid Deconstr  Erth           29%        3d16*     1%          5
j - Petrify               Tmut/Erth      40%        N/A       4%          4

Your spell library contained the following spells:

 Spells                   Type           Power      Damage    Failure   Level
 Foxfire                  Conj/Fire      100%       2x1d9     1%          1
 Magic Dart               Conj           100%       1d8       1%          1
 Passwall                 Tmut/Erth      33%        N/A       1%          2
 Apportation              Tloc           32%        N/A       3%          1
 Beastly Appendage        Tmut           32%        N/A       3%          1
 Wereblood                Tmut           16%        N/A       4%          2
 Sublimation of Blood     Necr           16%        N/A       5%          2
 Conjure Flame            Conj/Fire      37%        6-21      1%          3
 Mephitic Cloud           Conj/Pois/Air  33%        N/A       1%          3
 Flame Wave               Conj/Fire      37%        2d7       1%          4
 Inner Flame              Hex/Fire       19%        N/A       2%          3
 Ignite Poison            Fire/Tmut/Pois 16%        N/A       3%          3
 Irradiate                Conj/Tmut      19%        3d20      4%          5
 Swiftness                Air            23%        N/A       6%          3
 Tukima's Dance           Hex            21%        N/A       7%          3
 Spider Form              Tmut/Pois      16%        N/A       11%         3
 Yara's Violent Unravell  Hex/Tmut       9%         3d6       21%         5
 Cause Fear               Hex            10%        N/A       22%         4
 Passage of Golubria      Tloc           16%        N/A       34%         4
 Simulacrum               Ice/Necr       25%        N/A       34%         6
 Alistair's Intoxication  Tmut/Pois      10%        N/A       67%         5
 Dragon Form              Tmut           8%         N/A       100%        7
 Dragon's Call            Summ           8%         N/A       100%        9


Dungeon Overview and Level Annotations

Branches:
Dungeon (12/15)            Temple (1/1) D:6            Lair (6/6) D:11
 Shoals (0/4) Lair:4       Spider (0/4) Lair:3        Slime (0/5) Lair:6
    Orc (2/2) D:9             Elf (0/3) Orc:2        Bailey (visited)
Volcano (visited)

Altars:
Ashenzari
Cheibriados
Dithmenos
Elyvilon
Fedhas
Gozag
Hepliaklqana
Kikubaaqudgha
Makhleb
Nemelex Xobeh
Okawaru
Qazlal
Ru
Sif Muna
Trog
Uskayaw
Vehumet
Wu Jian
Xom
Yredelemnul
Zin
The Shining One
Beogh

Shops:
D:6 [   D:8 *   Orc:2 =(*[

Annotations:
D:8 1 runed translucent door, HuGe's ghost, novice HOBe
D:9 exclusion: obsidian statue


Innate Abilities, Weirdness & Mutations

Your dull iron-grey scales are very hard. (AC +13)
You are amphibious.
You cannot fit into any form of body armour.
You are cold-blooded and may be slowed by cold attacks.


Message History

You feel as though you will be slow longer.
Unknown command.
Casting: Lee's Rapid Deconstruction (mildly dangerous; 1% risk of failure)
Confirm with . or Enter, or press ? or * to list all spells.
You can't see any susceptible monsters within range! (Use Z to cast anyway.)
Casting: Lee's Rapid Deconstruction (mildly dangerous; 1% risk of failure)
Confirm with . or Enter, or press ? or * to list all spells.
You can't see any susceptible monsters within range! (Use Z to cast anyway.) Unknown command.
Unknown command.
You sock the wraith!
You destroy the wraith!
Vehumet accepts your kill.
You feel your power returning.
A boulder beetle comes into view.
The boulder beetle curls into a ball and begins rolling!
The boulder beetle hits you!!
The boulder beetle stops rolling and uncurls.
Casting: Lee's Rapid Deconstruction (mildly dangerous; 1% risk of failure)
Confirm with . or Enter, or press ? or * to list all spells.
Aiming: Lee's Rapid Deconstruction (mildly dangerous; 1% risk of failure)
Press: ? - help, Dir - move target A rock wall.
Okay, then.
Casting: Lee's Rapid Deconstruction (mildly dangerous; 1% risk of failure)
Confirm with . or Enter, or press ? or * to list all spells.
Aiming: Ensorcelled Hibernation (safe; 1% risk of failure)
Press: ? - help, Shift-Dir - straight line, f - boulder beetle
Aim: a boulder beetle (chance to affect: 54%)
The boulder beetle looks drowsy...
The boulder beetle leaps!
The boulder beetle curls into a ball and begins rolling!
Casting: Ensorcelled Hibernation (safe; 1% risk of failure)
Confirm with . or Enter, or press ? or * to list all spells.
Aiming: Ensorcelled Hibernation (safe; 1% risk of failure)
Press: ? - help, Shift-Dir - straight line, f - boulder beetle, p - boulder beetle
Aim: a boulder beetle (rolling, chance to affect: 54%)
The boulder beetle resists with some effort.
The boulder beetle hits you!!!
You die...

. ..
############################†..
................○○°B°....)).)).
..............@B########..#####
................# #..#
................# #..#
..................# #..#
..................### #..#
....?................ ...# .
................... ...#
########........... ....
#...........


You could see 2 boulder beetles.

Vanquished Creatures
  An orc warlord (Orc:1)
  Josephine (D:11)
  4 hydras
  Erica (Lair:1)
  3 two-headed ogres
  5 catoblepae
  7 death yaks (Lair:6)
  Urug (Lair:5)
  3 orc high priests (Orc:2)
  A fire crab (Volcano)
  A wizard (D:11)
  A lindwurm (Volcano)
  5 orc knights
  3 orc sorcerers (Orc:2)
  2 manticores (Lair:6)
  8 elephants
  An ugly thing (D:12)
  A merfolk siren (Lair:4)
  2 gargoyles (D:11)
  3 black mambas
  9 cane toads
  4 kobold demonologists
  5 rime drakes
  11 komodo dragons
  11 trolls
  2 polar bears
  16 blink frogs
  A hornet (D:9)
  5 wraiths
  4 wyverns
  A vampire (D:11)
  50 yaks
  12 fire bats (Volcano)
  A basilisk (Lair:6)
  A steam dragon (Volcano)
  2 vampire mosquitoes (D:11)
  2 wargs (Orc:1)
  14 water moccasins
  10 ogres
  44 orc warriors
  An ice beast (D:5)
  2 necrophages
  A centaur (D:9)
  8 wolves
  13 kobold brigands
  A phantom (D:5)
  7 bullfrogs
  A gnoll sergeant (D:9)
  A wyvern zombie (D:7)
  2 scorpions
  11 killer bees
  3 wights
  2 electric eels (D:9)
  5 howler monkeys
  2 bullfrog zombies (D:6)
  8 lava snakes (Volcano)
  5 centaur zombies
  2 gnoll shamans (D:7)
  6 jellies
  2 centaur skeletons
  3 hounds
  17 orc priests
  Ijyb (D:4)
  2 iguanas (D:6)
  Natasha (thrice) (D:2)
  13 orc wizards
  2 killer bee zombies
  3 hound skeletons
  19 gnolls
  A howler monkey skeleton (D:7)
  A howler monkey zombie (D:7)
  6 adders
  2 shadow imps
  A white imp (D:6)
  An adder skeleton (D:4)
  A worm (D:2)
  89 orcs
  2 ball pythons
  4 bats
  8 endoplasms
  2 giant cockroaches
  5 goblins
  2 hobgoblins
  2 jackals (D:5)
  5 quokkas
  4 frilled lizards
  32 kobolds
  3 rats
576 creatures vanquished.

Vanquished Creatures (others)
  Sigmund (D:6)
  56 fungi
  59 plants
116 creatures vanquished.

Grand Total: 692 creatures vanquished

Notes
Turn   | Place    | Note
-------+----------+-------------------------------------------
     0 | D:1      | Zdeegee the Draconian Ice Elementalist began the quest for
                  | the Orb.
     0 | D:1      | Reached XP level 1. HP: 14/14 MP: 3/3
   245 | D:1      | Found a faded altar of an unknown god.
   249 | D:1      | Got Plato's Handbook of Conjuration
   410 | D:1      | You fall into a shaft and drop 1 floor!
   459 | D:2      | Reached XP level 2. HP: 20/20 MP: 1/5
   872 | D:2      | Noticed Natasha
   879 | D:2      | Killed Natasha
   880 | D:2      | Reached XP level 3. HP: 21/27 MP: 2/6
   949 | D:2      | Learned a level 3 spell: Frozen Ramparts
   952 | D:2      | Learned a level 2 spell: Ensorcelled Hibernation
  1644 | D:2      | Noticed Natasha
  1651 | D:2      | Killed Natasha
  1652 | D:2      | Reached XP level 4. HP: 21/34 MP: 2/8
  1919 | D:2      | Reached skill level 1 in Fighting
  2138 | D:2      | Reached skill level 5 in Ice Magic
  2288 | D:2      | Noticed Natasha
  2296 | D:2      | Killed Natasha
  2297 | D:2      | Reached skill level 1 in Conjurations
  2475 | D:3      | Reached XP level 5. HP: 23/41 MP: 5/9
  2613 | D:3      | Learned a level 3 spell: Ozocubu's Armour
  3149 | D:3      | Reached XP level 6. HP: 50/50 MP: 5/11
  3525 | D:4      | Reached skill level 1 in Evocations
  3619 | D:4      | Noticed Ijyb
  3678 | D:4      | Killed Ijyb
  3994 | D:4      | Your scales start taking on a dull iron-grey colour.
  3994 | D:4      | Reached XP level 7. HP: 51/56 MP: 9/13
  4403 | D:4      | Found a shadowy altar of Dithmenos.
  4487 | D:5      | Entered Level 5 of the Dungeon
  4541 | D:5      | Reached skill level 1 in Short Blades
  4541 | D:5      | Reached skill level 1 in Earth Magic
  5800 | D:5      | Reached skill level 6 in Ice Magic
  5800 | D:5      | Reached XP level 8. HP: 63/63 MP: 6/15
  5805 | D:5      | Learned a level 4 spell: Hailstorm
  6052 | D:6      | Noticed Sigmund
  6069 | D:6      | Your ally Sigmund died
  6393 | D:6      | Found a staircase to the Ecumenical Temple.
  6453 | Temple   | Entered the Ecumenical Temple
  6799 | D:6      | Found Larghuovos's Antique Armour Shop.
  7274 | D:7      | Reached skill level 5 in Spellcasting
  7852 | D:7      | Found a stormy altar of Qazlal.
  8299 | D:8      | Reached skill level 7 in Ice Magic
  8320 | D:8      | Reached XP level 9. HP: 49/71 MP: 5/17
  8483 | D:8      | Found a runed translucent door.
  8485 | D:8      | Noticed HuGe's ghost (novice HOBe)
  8488 | D:8      | Identified the +3 trident "Dragon's Demise" {vorpal, rC+
                  | Int+3}
  8488 | D:8      | Noticed a polar bear
  8545 | D:8      | Found Urhar's Gadget Gallery.
  9166 | D:8      | Found a white marble altar of Elyvilon.
 10305 | D:9      | Found an ancient bone altar of Kikubaaqudgha.
 10337 | D:9      | Noticed an obsidian statue
 10537 | D:9      | Found an ornate altar of the Wu Jian Council.
 10662 | D:9      | Reached XP level 10. HP: 67/80 MP: 12/20
 10834 | D:9      | Reached skill level 8 in Ice Magic
 10919 | D:9      | Reached skill level 5 in Earth Magic
 10974 | D:9      | Found a staircase to the Orcish Mines.
 11398 | D:9      | Upgraded the game from 0.28-a0-1356-g2ad6d04315 to
                  | 0.28-a0-1374-ga75cb3825e
 11411 | D:10     | Entered Level 10 of the Dungeon
 11528 | D:10     | Reached skill level 5 in Fighting
 11573 | D:10     | Found a flagged portal.
 11603 | D:10     | Reached skill level 1 in Maces & Flails
 11676 | Bailey   | Entered a bailey
 11744 | Bailey   | Learned a level 5 spell: Freezing Cloud
 12280 | Bailey   | Reached skill level 5 in Dodging
 12351 | Bailey   | Identified the +3 scale mail of Tuutaska {*Corrode rElec
                  | Int+5 Dex+2}
 12351 | Bailey   | Noticed an orc knight
 12361 | Bailey   | Killed an orc knight
 12621 | Bailey   | Found a bloodstained altar of Trog.
 13097 | D:10     | Noticed a two-headed ogre
 13116 | D:10     | Killed a two-headed ogre
 13117 | D:10     | Reached skill level 5 in Conjurations
 13117 | D:10     | Reached XP level 11. HP: 44/89 MP: 1/23
 13697 | D:10     | Found a radiant altar of Vehumet.
 13964 | D:10     | Became a worshipper of Vehumet
 14563 | D:10     | Reached * piety under Vehumet
 14563 | D:10     | Offered knowledge of Shock by Vehumet.
 14836 | D:11     | Reached skill level 9 in Ice Magic
 14837 | D:11     | Noticed Josephine
 15135 | D:11     | Found a staircase to the Lair.
 15333 | D:11     | Killed Josephine
 15334 | D:11     | Reached skill level 5 in Evocations
 16530 | Lair:1   | Entered Level 1 of the Lair of Beasts
 16544 | Lair:1   | Noticed Erica
 16551 | Lair:1   | Killed Erica
 16845 | Lair:1   | Learned a level 5 spell: Metabolic Englaciation
 17316 | Lair:1   | Reached ** piety under Vehumet
 17845 | Lair:2   | Offered knowledge of Static Discharge by Vehumet.
 18376 | Lair:2   | Reached skill level 10 in Ice Magic
 18376 | Lair:2   | Reached XP level 12. HP: 79/96 MP: 16/25
 18602 | Lair:2   | Noticed a catoblepas
 18774 | Lair:2   | Killed a catoblepas
 19336 | Lair:2   | Noticed a four-headed hydra
 19346 | Lair:2   | Killed a four-headed hydra
 19709 | Lair:3   | Found a hole to the Spider Nest.
 19946 | Lair:3   | Reached skill level 10 in Spellcasting
 20151 | Lair:3   | Noticed a four-headed hydra
 20167 | Lair:3   | Killed a four-headed hydra
 20919 | Lair:3   | Reached skill level 11 in Ice Magic
 21722 | Lair:3   | Offered knowledge of Scorch by Vehumet.
 21955 | Lair:4   | Noticed a four-headed hydra
 21965 | Lair:4   | Killed a four-headed hydra
 21966 | Lair:4   | Reached skill level 1 in Hexes
 22046 | Lair:4   | Noticed a catoblepas
 22063 | Lair:4   | Killed a catoblepas
 22121 | Lair:4   | Found a staircase to the Shoals.
 22773 | Lair:5   | Reached XP level 13. HP: 105/105 MP: 16/27
 22774 | Lair:5   | Reached *** piety under Vehumet
 24022 | Lair:5   | Noticed Urug
 24040 | Lair:5   | Killed Urug
 24311 | Lair:6   | Entered Level 6 of the Lair of Beasts
 24336 | Lair:6   | Offered knowledge of Iskenderun's Mystic Blast by Vehumet.
 24844 | Lair:6   | Identified a scroll of acquirement
 24844 | Lair:6   | Acquired the ring "Midd" {MP+9 Int+7}
 24918 | Lair:6   | Reached skill level 12 in Ice Magic
 24948 | Lair:6   | Found a dark tunnel.
 24955 | Volcano  | Entered a volcano
 25301 | Volcano  | Reached **** piety under Vehumet
 25383 | Volcano  | Offered knowledge of Sticky Flame by Vehumet.
 25724 | Volcano  | Found a radiant altar of Vehumet.
 26719 | Lair:6   | Reached ***** piety under Vehumet
 26792 | Lair:6   | Offered knowledge of Airstrike by Vehumet.
 26798 | Lair:6   | Learned a level 4 spell: Airstrike
 26998 | Lair:6   | Reached skill level 1 in Air Magic
 26998 | Lair:6   | Reached XP level 14. HP: 111/114 MP: 27/30
 27365 | Lair:6   | Found a staircase to the Slime Pits.
 27733 | Orc:1    | Entered Level 1 of the Orcish Mines
 27915 | Orc:2    | Entered Level 2 of the Orcish Mines
 28181 | Orc:2    | Paralysed by an orc sorcerer for 6 turns
 29325 | Orc:2    | Found Kuofoet's Antique Armour Emporium.
 29412 | Orc:2    | Bought a glowing buckler for 262 gold pieces
 29427 | Orc:2    | Found a staircase to the Elven Halls.
 29468 | Orc:2    | Reached skill level 13 in Ice Magic
 30235 | Orc:2    | Reached skill level 1 in Shields
 30358 | Orc:2    | Offered knowledge of Lee's Rapid Deconstruction by Vehumet.
 30365 | Orc:2    | Learned a level 5 spell: Lee's Rapid Deconstruction
 30623 | Orc:2    | Learned a level 4 spell: Petrify
 30707 | Orc:2    | Noticed an orc warlord
 30878 | Orc:1    | Killed an orc warlord
 31207 | Orc:2    | Found Hose's General Store.
 31739 | Orc:2    | Found Lamoshrousi's Antique Weapon Boutique.
 31854 | Orc:2    | Found Fyitep's Jewellery Shoppe.
 31863 | Orc:2    | Bought an amulet of magic regeneration for 420 gold pieces
 31876 | Orc:2    | Bought a ring of magical power for 280 gold pieces
 32109 | Orc:2    | Bought a slimy hand axe for 288 gold pieces
 32109 | Orc:2    | Identified the +7 hand axe of Dominance {speed, Will+
                  | Str+4} (You bought it in a shop on level 2 of the Orcish
                  | Mines)
 32930 | D:12     | Cast into level 2 of the Abyss (a wizard)
 32935 | D:12     | Escaped the Abyss
 33356 | D:12     | Mangled by a boulder beetle

Illustrated notes

Levels and vault maps discovered:
D:1:      amcnicky_arrival_gap_in_the_tavern_cellar, layout_basic,
          shapermc_ecumenical_altar_rom_forum
D:2:      layout_loops_corners, uniq_natasha
D:3:      layout_rooms
D:4:      layout_gridville, lemuel_coloured_pillars_altar, serial_glass,
          glass_columns_c, glass_columns_a, supply_closet_lemuel,
          wad_floor_pattern_untrapped, uniq_ijyb
D:5:      layout_gridville
D:6:      layout_loops_ring, minmay_temple_entry_mist, serial_shops,
          nicolae_shop_trees, corexii_leaking_fountain, chequers_avenue,
          nrook_mini_backslash, uniq_sigmund
D:7:      layout_rooms, nicolae_overflow_crystal_walls
D:8:      layout_loops_ring, lemuel_crystal_altar, ebering_ghost_funeral_grove,
          nicolae_shop_gadgets
D:9:      layout_roguey, mainiacjoe_overflow_alcove_1,
          mainiacjoe_overflow_surrounded_room, david_orc_5, serial_bayou_ford_a,
          minivault_16, chequers_serial_rivers_micro_e
D:10:     layout_roguey, nicolae_vehumet_radiance, enter_bailey_8, special_room
          [special_room_orc]
D:11:     layout_gridville, david_lair_shrubbed, uniq_josephine
D:12:     minmay_imperfect_grid, layout_irregular_city, hangedman_batty,
          uniq_nessos
Temple:   regret_index_temple_sphere_string
Lair:1:   layout_loops_ring, uniq_erica
Lair:2:   layout_chaotic_city
Lair:3:   layout_hall_layers, spider_nest_entry_web_field, beast_lair_carwin_11,
          grunt_megastairs_4
Lair:4:   layout_hall_layers, minmay_shoals_entry_lonely_mermaid
Lair:5:   layout_cellular_growth, uniq_urug
Lair:6:   evilmike_catoblepas_cave, layout_misc_corridors,
          nicolae_slime_entry_slimehenge, enter_volcano_2,
          chequers_serial_rivers_micro_c, serial_bayou_pond_d
Orc:1:    layout_diamond_mine
Orc:2:    grunt_orc_gardens, layout_caves, grunt_orc_garden, grunt_orc_garden,
          grunt_orc_garden, grunt_orc_garden, minmay_orc_keep

Skill      XL: |  1  2  3  4  5  6  7  8  9 10 11 12 13 14 |
---------------+-------------------------------------------+-----
Dodging        | 2 3 4 5 6 7 8 |  8.7
Fighting       | 1 2 3 4 5 6 7 8 |  8.5
Ice Magic      | 5 6 7 8 10 11 12 13 | 13.2
Conjurations   | 1 2 4 5 6 7 8 |  8.2
Spellcasting   | 3 4 5 6 8 9 10 12 | 12.7
Evocations     | 1 2 3 4 5 6 |  6.9
Stealth        | 2 3 |  3.5
Short Blades   | 1 2 3 |  3.2
Earth Magic    | 1 3 4 6 7 8 9 |  9.2
Maces & Flails | 1 2 |  2.6
Hexes          | 1 |  1.0
Air Magic      | 1 |  1.2
Shields        | 2 |  2.1

Action                   |  1- 3 |  4- 6 |  7- 9 | 10-12 | 13-15 || total
-------------------------+-------+-------+-------+-------+-------++-------
Melee: Unarmed           |     3 |     7 |       |       |       ||    10
       Dagger            |    14 |    89 |   317 |    33 |       ||   453
       Tailslap          |     4 |    10 |    41 |    26 |     5 ||    86
       Mace              |       |       |    15 |   181 |    56 ||   252
 Cast: Freeze            |    29 |    37 |    72 |   256 |   353 ||   747
       Frozen Ramparts   |     1 |     9 |    21 |    51 |    26 ||   108
       Ensorcelled Hiber |       |     3 |     7 |    22 |    24 ||    56
       Ozocubu's Armour  |       |     1 |    12 |    36 |    21 ||    70
       Hailstorm         |       |       |     3 |    33 |    73 ||   109
       Freezing Cloud    |       |       |       |    22 |    66 ||    88
       Lee's Rapid Decon |       |       |       |       |    70 ||    70
       Petrify           |       |       |       |       |    12 ||    12
       Airstrike         |       |       |       |       |    11 ||    11
       Metabolic Englaci |       |       |       |       |     1 ||     1
Evoke: Wand              |       |     1 |     2 |     3 |     9 ||    15
  Use: Scroll            |     2 |     1 |    10 |     5 |     5 ||    23
       Potion            |       |       |     2 |     1 |       ||     3
 Stab: Sleeping          |       |     3 |     3 |       |       ||     6
       Invisible         |       |       |     1 |       |       ||     1
Armor: Skin              |     9 |    42 |   196 |   286 |   217 ||   750
Dodge: Dodged            |    20 |   100 |   245 |   383 |   355 ||  1103

Table legend: (Time is in decaauts)
 A = Elapsed time spent in this place.
 B = Non-inter-level travel time spent in this place.
 C = Inter-level travel time spent in this place.
 D = Time resting spent in this place.
 E = Time spent auto-exploring this place.
 F = Levels seen in this place.
 G = Mean time per level.
                   A        B        C        D        E       F      G
               +--------+--------+--------+--------+--------+-----+--------+
         Total |  33544 |  32645 |    899 |   7389 |  19903 |  24 | 1397.7 |
       Dungeon |  16363 |  15872 |    491 |   3561 |   9627 |  12 | 1363.6 |
        Temple |    173 |    145 |     28 |      0 |    122 |   1 |  173.0 |
          Lair |  10228 |   9957 |    271 |    952 |   7690 |   6 | 1704.7 |
  Orcish Mines |   4907 |   4799 |    108 |   1873 |   2022 |   2 | 2453.5 |
         Abyss |      4 |      4 |      0 |      0 |      0 |   1 |    4.0 |
        Bailey |    971 |    971 |      0 |    612 |    126 |   1 |  971.0 |
       Volcano |    895 |    895 |      0 |    391 |    315 |   1 |  895.0 |
               +--------+--------+--------+--------+--------+-----+--------+

Top non-repeatable levels by time:
   Orc:2: 2712 daAuts
     D:9: 2651 daAuts
    D:10: 2579 daAuts
  Lair:6: 2330 daAuts
   Orc:1: 2195 daAuts
  Lair:3: 2019 daAuts
  Lair:5: 1807 daAuts
     D:2: 1605 daAuts
  Lair:2: 1576 daAuts
  Lair:1: 1523 daAuts
    D:11: 1492 daAuts
     D:5: 1489 daAuts
     D:8: 1397 daAuts
     D:6: 1065 daAuts
     D:7: 1056 daAuts
